Map: Temple gelé

Players

Fatality - Winner!

  • Race: Terran Terran
  • League: Master

Larogue

  • Race: Zerg Zerg
  • League: Diamond

VOD

Have the link to the VOD?

Description

Time

  • Played on: June 9, 2016, 11:19 a.m.
  • Length: 9:31
Show
View Real Time Build Order
Export as new Build Order

Fatality Terran - Winner!

Build Orders: Reaper Expand, MMM Bio 

Get SALT Encoding   

  12  0:01  SCV  
  13  0:13  Supply Depot  
  13  0:18  SCV  
  14  0:30  SCV  
  15  0:38  Barracks  
  15  0:45  Refinery  
  15  0:50  SCV  
  16  1:02  SCV  
  17  1:14  SCV  
  18  1:27  Orbital Command  
  18  1:32  Reaper  
  19  1:48  Command Center  
  19  1:55  SCV  
  20  2:03  Supply Depot  
  20  2:04  Marine  
  20  2:07  SCV  
  22  2:15  Barracks  
  22  2:19  SCV  
  22  2:22  Barracks Reactor  
  23  2:25  Refinery  
  23  2:33  SCV  
  23  2:45  SCV  
  24  2:57  SCV  
  25  2:59  Marine x2  
  25  3:01  Factory  
  25  3:02  Bunker  
  25  3:05  Barracks Tech Lab  
  27  3:09  SCV  
  27  3:11  Orbital Command  
  28  3:17  Marine  
  28  3:19  Marine  
  30  3:23  SCV  
  31  3:29  Stimpack  
  31  3:30  Marine  
  32  3:35  SCV  
  32  3:37  SCV  
  32  3:38  Marine  
  32  3:40  Marine  
  36  3:47  SCV  
  36  3:49  SCV, Supply Depot  
  36  3:55  Starport  
  37  3:57  Factory Reactor  
  37  3:59  Marine, SCV  
  39  4:05  Engineering Bay  
  39  4:07  SCV  
  40  4:10  Marine x2  
  42  4:17  Marine  
  42  4:20  Bunker  
  43  4:25  SCV  
  43  4:28  Marine x2  
  46  4:32  Supply Depot  
  46  4:35  Marine  
  47  4:39  Factory Tech Lab  
  47  4:40  SCV x2  
  49  4:45  Missile Turret  
  49  4:51  Marine x2  
  49  4:52  SCV x2  
  53  4:54  Missile Turret, Medivac  
  53  4:58  Medivac  
  57  5:01  Marine  
  57  5:04  SCV  
  57  5:05  SCV  
  60  5:09  Terran Infantry Weapons Level 1  
  60  5:13  Supply Depot  
  60  5:15  Marine  
  60  5:16  Marine  
  62  5:32  Combat Shields  
  62  5:34  Marine x3, Medivac  
  62  5:35  SCV x2  
  69  5:42  Refinery  
  69  5:43  Supply Depot  
  69  5:47  SCV  
  69  5:49  Supply Depot  
  70  5:59  Supply Depot  
  70  6:04  Marine x3, SCV x2, Siege Tank  
  70  6:06  Barracks  
  70  6:10  Medivac  
  80  6:16  Supply Depot, SCV  
  80  6:22  Marine x3  
  80  6:25  SCV  
  70  6:40  Marine x3, Medivac, Siege Tank  
  70  6:45  Refinery  
  70  6:46  Supply Depot  
  78  6:55  Barracks Reactor  
  78  6:57  Marine x2  
  78  6:59  Barracks  
  78  7:00  Barracks  
  79  7:08  Marine  
  79  7:12  Siege Tank  
  79  7:15  Marine x2  
  83  7:22  Supply Depot  
  83  7:25  Supply Depot  
  83  7:26  Marine  
  82  7:33  Marine  
  66  7:44  Siege Tank  
  66  7:45  Marine x3  
  66  7:47  Barracks Reactor  
  66  7:48  Medivac  
  66  7:49  Marine, Barracks Reactor  
  66  7:51  Marine  
  66  7:53  Orbital Command  
  67  8:03  Marine x3  
  66  8:06  Marine  
  66  8:09  Marine  
  65  8:14  Engineering Bay  
  65  8:16  Siege Tank  
  65  8:18  SCV  
  69  8:21  Marine x3  
  69  8:24  Marine x3  
  75  8:29  Marine x2  
  75  8:31  SCV x2  
  79  8:43  Marine, SCV x2  
  79  8:44  Marine  
  83  8:51  Marine x3  
  83  8:52  Marine  
  83  8:54  Marine x2  
  87  9:03  Marine x2  
  87  9:04  Marine  
  87  9:09  Marine x3  
  89  9:10  Marine  
Show
View Real Time Build Order
Export as new Build Order

Larogue Zerg 

Build Orders: Pool First 

Get SALT Encoding   

  12  0:00  Drone  
  13  0:12  Overlord  
  13  0:19  Drone  
  14  0:36  Drone x3  
  17  0:47  Drone  
  18  0:59  Spawning Pool  
  17  1:11  Hatchery  
  16  1:15  Drone  
  16  1:17  Drone  
  18  1:20  Extractor  
  17  1:28  Drone  
  18  1:39  Overlord  
  18  1:46  Zergling x2  
  19  1:47  Queen  
  19  1:52  Zergling x2  
  22  2:02  Drone  
  23  2:13  Drone  
  24  2:21  Metabolic Boost  
  24  2:24  Queen, Drone x2  
  27  2:38  Drone x2  
  29  2:46  Overlord  
  29  2:47  Drone  
  30  2:58  Drone x4  
  32  2:59  Drone  
  35  3:05  Overlord  
  35  3:11  Drone  
  36  3:14  Lair  
  36  3:17  Extractor  
  36  3:19  Drone  
  36  3:29  Roach Warren  
  36  3:30  Drone x3  
  36  3:31  Drone  
  39  3:49  Drone  
  39  3:50  Baneling Nest, Drone x5  
  39  3:55  Overlord  
  44  4:02  Overlord  
  43  4:09  Overlord  
  43  4:12  Drone x3  
  43  4:14  Drone  
  43  4:16  Extractor  
  43  4:17  Glial Reconstitution  
  46  4:25  Roach  
  46  4:26  Roach x3  
  46  4:27  Overseer  
  54  4:35  Zergling x2  
  54  4:36  Zergling x4  
  57  4:42  Overlord  
  57  4:43  Overlord  
  57  4:49  Centrifical Hooks  
  57  5:03  Hatchery  
  57  5:05  Roach x3  
  57  5:06  Roach x2  
  66  5:22  Zergling x4, Roach x3  
  66  5:23  Zergling x4  
  66  5:25  Queen  
  78  5:30  Baneling x2  
  78  5:33  Zergling x2  
  79  5:46  Ravager x3  
  82  5:50  Baneling  
  82  5:51  Baneling  
  82  6:01  Zergling x10, Overlord x3  
  82  6:02  Overlord  
  84  6:22  Roach  
  84  6:23  Roach x3  
  87  6:32  Roach x3  
  93  6:41  Zergling x2  
  93  6:42  Zergling x12  
  100  6:48  Drone  
  100  6:49  Drone  
  102  6:58  Evolution Chamber, Baneling  
  102  6:59  Baneling x8  
  102  7:00  Evolution Chamber, Zergling x6, Baneling  
  102  7:01  Zergling x2  
  102  7:14  Drone x5  
  102  7:15  Spore Crawler  
  89  7:46  Baneling x4  
  82  7:51  Roach x3  
  82  7:52  Overlord, Drone  
  82  7:53  Drone x9  
  65  8:15  Roach x4  
  65  8:16  Roach x2  
  77  8:22  Extractor  
  77  8:24  Roach x2  
  80  8:29  Zergling x6  
  80  8:30  Zergling x4  
  80  8:33  Spire  
  84  8:36  Ravager, Spine Crawler x2  
  84  8:38  Zergling x2  
  84  8:45  Zergling x2  
  84  8:46  Zergling x4  
  87  8:53  Baneling x3  
  87  8:54  Zergling x8, Baneling x2  
  87  8:55  Zergling x8  
  79  9:12  Zergling x2  
  79  9:13  Zergling x2  
Tags
 
Add a new tag
Caveats
  • Supply blocks, unpowered buildings, or Contaminate may cause inaccurate times.
  • Supply counts are checked every 10 seconds.